 Dungeon Crawl Stone Soup version 0.30-a0-709-gcdc1b43e22 (webtiles) character file.

Game seed: 3334441426214398724

72 Bnni the Vexing (level 4, 0/32 HPs)
             Began as a Formicid Hexslinger on Jan 22, 2023.
             Slain by an ogre
             ... wielding a +0 giant club
              (32 damage)
             ... on level 2 of the Dungeon.
             The game lasted 00:03:04 (1523 turns).

Bnni the Vexing (Formicid Hexslinger)               Turns: 1523, Time: 00:03:04

Health: 0/32       AC:  2    Str: 15    XL:     4   Next: 48%
Magic:  3/6        EV: 12    Int: 14    God:
Gold:   58         SH:  0    Dex: 14    Spells: 2/6 levels left

rFire   . . .      SeeInvis +    a - +1 sling
rCold   . . .      Faith    .    (no shield)
rNeg    . . .      Spirit   .    c - +0 robe
rPois   .          Reflect  .    (helmet unavailable)
rElec   .          Harm     .    (no cloak)
rCorr   .          Rampage  .    (no gloves)
Will    .....                    (no boots)
Stlth   +                        (no amulet)
HPRegen 0.25/turn                (no ring)
MPRegen 0.10/turn                (no ring)

@: no status effects
A: permanent stasis, dig shafts and tunnels, antennae 3, four strong arms
a: Dig, Shaft Self


You were on level 2 of the Dungeon.
You visited 1 branch of the dungeon, and saw 2 of its levels.

You collected 58 gold pieces.

Inventory:

Hand Weapons
 a - a +1 sling (weapon)
Armour
 c - a +0 robe (worn)
Scrolls
 b - a scroll of poison
 e - 2 scrolls of identify {unknown}
 f - a scroll of immolation {unknown}
Potions
 d - 5 potions of haste {unknown}


   Skills:
 + Level 1.6 Fighting
 * Level 2.9 Ranged Weapons
 - Level 1.7 Dodging
 + Level 1.5 Spellcasting
 * Level 4.3 Hexes
 * Level 1.6 Fire Magic


You had 2 spell levels left.
You knew the following spells:

 Your Spells              Type           Power      Damage    Failure   Level
a - Slow                  Hex            52%        N/A       4%          1
b - Inner Flame           Hex/Fire       9%         N/A       22%         3

Your spell library contained the following spells:

 Spells                   Type           Power      Damage    Failure   Level
 Portal Projectile        Hex/Tloc       14%        N/A       30%         3
 Cause Fear               Hex            6%         N/A       38%         4


Dungeon Overview and Level Annotations

Branches:
Dungeon (2/15)

Altars:


Innate Abilities, Weirdness & Mutations

You cannot be hasted, slowed, berserked, paralysed or teleported.
You can dig through walls and to a lower floor.
You have a pair of large antennae on your head. (SInv)
Your four strong arms can wield two-handed weapons with a shield.


Message History

The sling bullet hits the frilled lizard.
You kill the frilled lizard!
You shoot a sling bullet. The sling bullet hits the ball python.
The ball python is moderately wounded.
You shoot a sling bullet.
The sling bullet hits the ball python but does no damage.
The ball python is moderately wounded.
You shoot a sling bullet. The sling bullet hits the ball python!
You kill the ball python!
No target in view!
d - 5 fizzy clear potions (gained 2)
You see here the +1 leather armour of Depression {Dex+2}.
You sense a monster nearby.
You sense a monster nearby.
An ogre comes into view. It is wielding a +0 giant club.
Found a scroll labelled RAVEIPT MEBET SIS.
Casting: Slow (safe; 4% risk of failure)
Confirm with . or Enter, or press ? or * to list all spells.
Aiming: Slow (safe; 4% risk of failure)
Press: ? - help, Shift-Dir - straight line, f - ogre
Aim: an ogre, wielding a +0 giant club (asleep, chance to affect: 47%)
The ogre shouts!
The ogre resists with some effort.
You hear an angry hiss.
An adder comes into view.
Casting: Slow (safe; 4% risk of failure)
Confirm with . or Enter, or press ? or * to list all spells.
Aiming: Slow (safe; 4% risk of failure)
Press: ? - help, Shift-Dir - straight line, f/p - ogre
Aim: an ogre, wielding a +0 giant club (chance to affect: 47%)
The ogre resists with some effort.
Casting: Slow (safe; 4% risk of failure)
Confirm with . or Enter, or press ? or * to list all spells.
Aiming: Slow (safe; 4% risk of failure)
Press: ? - help, Shift-Dir - straight line, f/p - ogre
Aim: an ogre, wielding a +0 giant club (chance to affect: 47%)
The ogre resists with some effort.
The ogre hits you with a +0 giant club!!
Ouch! That really hurt!
You die...

.........# ##.........
..........# #
..........#. ..
............ # ...
#............. .#...?
#.............
###.....
............######...#
.#..........##..@OS#
.#<............#####
...........##.##
...........##.######.
....[................
...........##........
.#.............##....
.#..........##... ...
............# ##.. ..


You could see an ogre and an adder.

Vanquished Creatures
  Terence (D:1)
  An adder (D:2)
  2 dart slugs (D:1)
  3 bats (D:1)
  2 endoplasms (D:1)
  4 giant cockroaches (D:1)
  A hobgoblin (D:1)
  A kobold (D:1)
  A quokka (D:1)
  4 ball pythons
  5 frilled lizards
  5 goblins (D:1)
  2 rats (D:1)
32 creatures vanquished.

Notes
Turn   | Place    | Note
-------+----------+-------------------------------------------
     0 | D:1      | Bnni the Formicid Hexslinger began the quest for the Orb.
     0 | D:1      | Reached XP level 1. HP: 15/15 MP: 2/2
   161 | D:1      | Reached XP level 2. HP: 21/21 MP: 3/3
   430 | D:1      | Reached skill level 1 in Fire Magic
   491 | D:1      | Reached XP level 3. HP: 25/26 MP: 4/4
   495 | D:1      | Learned a level 3 spell: Inner Flame
   509 | D:1      | Reached skill level 4 in Hexes
  1036 | D:2      | Noticed Terence
  1113 | D:1      | Killed Terence
  1114 | D:1      | Reached XP level 4. HP: 28/32 MP: 0/6
  1500 | D:2      | Identified the +1 leather armour of Depression {Dex+2}
  1518 | D:2      | Noticed an ogre
  1523 | D:2      | Slain by an ogre

Illustrated notes

Levels and vault maps discovered:
D:1:      minmay_arrival_split_and_join, layout_loops_corners
D:2:      layout_rooms, uniq_terence

Skill      XL: |  1  2  3 |
---------------+----------+-----
Fire Magic     | 1 |  1.6
Hexes          | 4 |  4.3
Fighting       | |  1.6
Ranged Weapons | |  2.9
Dodging        | |  1.7
Spellcasting   | |  1.5

Action                     |  1- 3 |  4- 6 || total
---------------------------+-------+-------++-------
   Fire: Sling             |    68 |    35 ||   103
   Cast: Slow              |     5 |     4 ||     9
         Inner Flame       |     2 |       ||     2
 Armour: Robe              |     9 |     4 ||    13
  Dodge: Dodged            |    20 |    16 ||    36

Table legend: (Time is in decaauts)
 A = Elapsed time spent in this place.
 B = Non-inter-level travel time spent in this place.
 C = Inter-level travel time spent in this place.
 D = Time resting spent in this place.
 E = Time spent auto-exploring this place.
 F = Levels seen in this place.
 G = Mean time per level.
                   A        B        C        D        E       F      G
               +--------+--------+--------+--------+--------+-----+--------+
         Total |   1553 |   1455 |     98 |    263 |    894 |   2 |  776.5 |
       Dungeon |   1553 |   1455 |     98 |    263 |    894 |   2 |  776.5 |
               +--------+--------+--------+--------+--------+-----+--------+

Top non-repeatable levels by time:
     D:1: 1473 daAuts
     D:2: 80 daAuts
